 Dungeon Crawl Stone Soup version 0.29-a0-542-g075992c915 (webtiles) character file.

Game seed: 17446825523733490836

257 xian the Covert (level 6, -2/36 HPs)
             Began as a Kobold Brigand on June 4, 2022.
             Slain by a gnoll
             ... wielding a +0 spear
              (5 damage)
             ... on level 3 of the Dungeon.
             The game lasted 00:10:53 (3417 turns).

xian the Covert (Kobold Brigand)                    Turns: 3417, Time: 00:10:53

Health: -2/36      AC:  4    Str:  9    XL:     6   Next: 39%
Magic:  6/6        EV: 15    Int: 12    God:
Gold:   239        SH:  0    Dex: 24    Spells: 5/5 levels left

rFire   . . .      SeeInvis .   a - +2 dagger
rCold   . . .      Faith    .   (no shield)
rNeg    . . .      Spirit   .   b - +0 robe
rPois   .          Reflect  .   (no helmet)
rElec   .          Harm     .   c - +0 cloak
rCorr   .          Rampage  .   n - +0 pair of gloves
Will    .....                   (no boots)
Stlth   +++++.....              m - amulet of magic regeneration
HPRegen 0.12/turn               p - +6 ring of dexterity
MPRegen 0.50/turn               f - +4 ring of slaying

@: invisible
A: small, no large weapons, nightstalker 3
a: no special abilities


You were on level 3 of the Dungeon.
You visited 1 branch of the dungeon, and saw 3 of its levels.

You collected 239 gold pieces.

Inventory:

Hand Weapons
 a - a +2 dagger (weapon)
Missiles
 d - 10 poisoned darts (quivered)
 e - 4 curare-tipped darts
Armour
 b - a +0 robe (worn)
 c - a +0 cloak (worn)
 n - a +0 pair of gloves (worn)
Jewellery
 f - a +4 ring of slaying (right hand)
 h - a +4 ring of protection
 m - an amulet of magic regeneration (around neck)
 p - a +6 ring of dexterity (left hand)
Wands
 i - a wand of digging (4)
Scrolls
 k - 4 scrolls of magic mapping
 q - 3 scrolls of teleportation
Potions
 g - a potion of resistance
 j - a potion of ambrosia
 o - a potion of lignification {unknown}
 r - 2 potions of heal wounds {unknown}
 t - 2 potions of brilliance {unknown}
 u - a potion of curing {unknown}
 v - 3 potions of mutation


   Skills:
 + Level 2.8 Fighting
 + Level 4.7 Short Blades
 + Level 2.7 Throwing
 + Level 2.0 Dodging
 + Level 8.3 Stealth


You had 5 spell levels left.
You didn't know any spells.
Your spell library contained the following spells:

 Spells                   Type           Power      Damage    Failure   Level
 Sublimation of Blood     Necr           0%         N/A       45%         2
 Call Canine Familiar     Summ           0%         N/A       69%         3
 Portal Projectile        Hex/Tloc       0%         N/A       69%         3
 Stone Arrow              Conj/Erth      0%         3d7       69%         3
 Animate Armour           Summ/Erth      0%         N/A       97%         4
 Leda's Liquefaction      Hex/Erth       0%         N/A       97%         4
 Petrify                  Tmut/Erth      0%         N/A       97%         4
 Irradiate                Conj/Tmut      0%         3d13      100%        5
 Lehudib's Crystal Spear  Conj/Erth      0%         10d2      100%        8


Dungeon Overview and Level Annotations

Branches:
Dungeon (3/15)

Altars:


Innate Abilities, Weirdness & Mutations

You are small and have problems with some larger weapons.
You are completely attuned to the shadows.


Message History

The kobold attacks as you move away! The kobold hits you with a +0 club.
* * * LOW HITPOINT WARNING * * *
You hit the kobold.
The kobold is severely wounded.
The kobold attacks as you move away! The kobold misses you.
You closely miss the kobold.
The kobold is severely wounded.
The kobold hits you with a +0 club.
* * * LOW HITPOINT WARNING * * *
The gnoll attacks as you move away! The gnoll closely misses you.
Okay, then.
You are too injured to fight recklessly!
You are too injured to fight recklessly!
You are too injured to fight recklessly!
Throw: 12 darts (poison)
Press: ? - help, Q - select action, (/) - cycle Shift-Dir - straight line, f - kobold
Aim: a kobold, wielding a +0 club (severely wounded, 64% to hit)
You throw a poisoned dart.
The poisoned dart closely misses the kobold.
The poisoned dart hits the gnoll.
The gnoll is moderately wounded.
The kobold closely misses you.
Throw: 11 darts (poison)
Press: ? - help, Q - select action, (/) - cycle Shift-Dir - straight line, f/p - kobold
Aim: a kobold, wielding a +0 club (severely wounded, 64% to hit)
You throw a poisoned dart.
The poisoned dart closely misses the kobold.
The poisoned dart misses the kobold.
The poisoned dart hits the gnoll.
The gnoll is poisoned.
The gnoll closely misses you.
The gnoll hits you from afar with a +0 spear.
* * * LOW HITPOINT WARNING * * *
The kobold barely misses you. The gnoll attacks as you move away!
The gnoll closely misses you. The kobold attacks as you move away!
The kobold closely misses you.
You fade into invisibility!
The gnoll hits you with a +0 club.
* * * LOW HITPOINT WARNING * * *
The gnoll hits you from afar with a +0 spear.
You die...

************************
≈≈≈≈≈≈≈≈≈≈≈≈≈≈≈≈≈≈≈≈≈≈≈********
≈≈≈≈≈≈≈≈≈≈≈≈≈≈≈≈≈≈≈≈≈≈≈≈≈≈≈≈≈≈***
≈≈≈≈≈≈≈≈≈≈≈≈≈≈≈≈≈≈≈≈≈≈≈≈#####≈≈≈≈
##**********#############...#≈≈≈≈
.#,,,,,,,*,,............#..K#≈≈≈≈
.#,,,,,,,+......KggK.)..#.Kg#≈≈≈≈
.#########......@K.g.((.##'#*≈≈≈≈
..#..........########......#≈≈≈≈≈
..'..........# #......#≈≈≈≈≈
..#..........########.....(#≈≈≈≈≈
.#########..............##)#*≈≈≈≈
.#.....).'..........†...#...#≈≈≈≈
.#.....))#..)...........#...#≈≈≈≈
#########################...#≈≈≈≈
..≈≈≈≈≈≈≈≈≈≈≈≈≈≈≈≈≈≈≈≈≈≈#####≈≈≈≈


You could see 3 gnolls and 3 kobolds.

Vanquished Creatures
  2 kobold brigands (D:3)
  3 gnolls (D:3)
  An adder (D:2)
  2 worms
  2 bats (D:1)
  4 endoplasms
  5 giant cockroaches
  4 goblins
  5 hobgoblins
  4 quokkas
  3 ball pythons
  4 frilled lizards
  37 kobolds
  6 rats
82 creatures vanquished.

Notes
Turn   | Place    | Note
-------+----------+-------------------------------------------
     0 | D:1      | xian the Kobold Brigand began the quest for the Orb.
     0 | D:1      | Reached XP level 1. HP: 12/12 MP: 1/1
   123 | D:1      | Reached XP level 2. HP: 12/17 MP: 2/2
   216 | D:1      | Noticed a golden eye
   217 | D:1      | Found a faded altar of an unknown god.
   217 | D:1      | Noticed a golden eye
   221 | D:1      | Noticed a great orb of eyes
   221 | D:1      | Noticed a great orb of eyes
   558 | D:1      | Reached skill level 6 in Stealth
   786 | D:2      | Reached XP level 3. HP: 22/22 MP: 3/3
  1997 | D:3      | Reached XP level 4. HP: 20/27 MP: 4/4
  2861 | D:3      | Noticed a kobold brigand
  2863 | D:3      | Killed a kobold brigand
  2864 | D:3      | Reached skill level 7 in Stealth
  2864 | D:3      | Reached XP level 5. HP: 28/31 MP: 5/5
  3355 | D:3      | Noticed a kobold brigand
  3365 | D:3      | Killed a kobold brigand
  3366 | D:3      | Reached skill level 8 in Stealth
  3366 | D:3      | Reached XP level 6. HP: 36/36 MP: 6/6
  3417 | D:3      | Slain by a gnoll

Illustrated notes

Levels and vault maps discovered:
D:1:      nzn_arrival_crosshair, layout_basic,
          hellmonk_ecumenical_altar_watching_god, minmay_pentomino_p4
D:2:      layout_loops_corners, kennysheep_generic_room_7
D:3:      minmay_goblin_kobold_castle, layout_basic

Skill      XL: |  1  2  3  4  5  6 |
---------------+-------------------+-----
Short Blades   | 3 4 |  4.7
Stealth        | 6 7 8 |  8.3
Dodging        | 2 |  2.0
Fighting       | |  2.8
Throwing       | |  2.7

Action                   |  1- 3 |  4- 6 || total
-------------------------+-------+-------++-------
Melee: Dagger            |    61 |    91 ||   152
Throw: Dart              |     3 |    20 ||    23
  Use: Scroll            |     8 |     4 ||    12
       Potion            |       |     1 ||     1
 Stab: Sleeping          |    16 |    10 ||    26
Armor: Robe              |    15 |    26 ||    41
Dodge: Dodged            |    14 |    79 ||    93

Table legend: (Time is in decaauts)
 A = Elapsed time spent in this place.
 B = Non-inter-level travel time spent in this place.
 C = Inter-level travel time spent in this place.
 D = Time resting spent in this place.
 E = Time spent auto-exploring this place.
 F = Levels seen in this place.
 G = Mean time per level.
                   A        B        C        D        E       F      G
               +--------+--------+--------+--------+--------+-----+--------+
         Total |   3386 |   3314 |     72 |    168 |   2212 |   3 | 1128.7 |
       Dungeon |   3386 |   3314 |     72 |    168 |   2212 |   3 | 1128.7 |
               +--------+--------+--------+--------+--------+-----+--------+

Top non-repeatable levels by time:
     D:3: 1485 daAuts
     D:2: 1140 daAuts
     D:1: 761 daAuts
